 Dungeon Crawl Stone Soup version 0.22-a0-617-g6d95e9e (webtiles) character file.

184 Hebeh the Magician (level 5, -4/28 HPs)
             Began as a Deep Elf Fire Elementalist on July 12, 2018.
             Slain by Grinder (6 damage)
             ... on level 4 of the Dungeon.
             The game lasted 00:16:36 (3239 turns).

Hebeh the Magician (Deep Elf Fire Elementalist)     Turns: 3239, Time: 00:16:37

Health: -4/28      AC:  5    Str:  6    XL:     5   Next: 36%
Magic:  4/13       EV: 13    Int: 20    God:
Gold:   158        SH:  0    Dex: 15    Spells: 7/13 levels left

rFire    . . .     SeeInvis .   a - +1 flail (protect)
rCold    . . .     Gourm    .   (no shield)
rNeg     . . .     Faith    .   i - +0 robe
rPois    .         Spirit   .   (no helmet)
rElec    .         Reflect  .   (no cloak)
rCorr    .         Harm     .   (no gloves)
MR       .....                  n - +2 pair of boots
Stlth    +++.......             (no amulet)
HPRegen  0.09/turn              (no ring)
MPRegen  0.13/turn              v - ring of stealth

@: very slightly contaminated
A: no striking features
a: no special abilities


You were on level 4 of the Dungeon.
You were not hungry.

You visited 1 branch of the dungeon, and saw 4 of its levels.

You collected 158 gold pieces.

Inventory:

Hand Weapons
 a - a +1 flail of protection (weapon)
 p - a +1 dagger of speed
Missiles
 d - 102 stones (quivered)
 r - 11 sling bullets
Armour
 i - a +0 robe (worn)
 n - a +2 pair of boots (worn)
Jewellery
 v - a ring of stealth (right hand)
Scrolls
 e - a scroll of teleportation
 h - a scroll of enchant armour
 k - a scroll of magic mapping
 l - a scroll of identify
 q - a scroll of immolation
 t - 2 scrolls of remove curse
Potions
 g - a potion of invisibility {unknown}
 j - 2 potions of degeneration {unknown}
 m - 3 potions of heal wounds
 o - a potion of magic {unknown}
Comestibles
 b - 4 chunks of flesh
 c - 9 rations


   Skills:
 - Level 2.4 Dodging
 - Level 2.4 Stealth
 + Level 4.5 Spellcasting
 * Level 4.1 Conjurations
 + Level 4.3 Fire Magic


You had 7 spell levels left.
You knew the following spells:

 Your Spells              Type           Power        Failure   Level  Hunger
a - Flame Tongue          Conj/Fire      ###..        1%          1    None
b - Throw Flame           Conj/Fire      ###...       3%          2    #......
c - Conjure Flame         Conj/Fire      ###.....     6%          3    ##.....

Your spell library contained the following spells:

 Spells                   Type           Power        Failure   Level  Hunger
 Fireball                 Conj/Fire      ###.......   50%         5    ######.
 Sticky Flame             Conj/Fire      ###.....     21%         4    ####...
 Inner Flame              Hex/Fire       ##......     14%         3    ##.....


Dungeon Overview and Level Annotations

Branches:
Dungeon (4/15)
 Temple: D:4-7

Altars:
Cheibriados
Fedhas
Qazlal
Xom

Annotations:
D:4 Grinder


Message History

Aim: Grinder (severely wounded)
You miscast Flame Tongue.
You are very lightly contaminated with residual magic.
Your skin glows momentarily.
Grinder hits you!
You writhe in agony.
Casting: Flame Tongue (safe; 1% risk of failure)
Confirm with . or Enter, or press ? or * to list all spells.
Aiming: Flame Tongue (safe; 1% risk of failure)
Press: ? - help, Shift-Dir - straight line, f/p - Grinder
Aim: Grinder (severely wounded)
The flame tongue misses Grinder.
Grinder hits you.
You writhe in agony.
* * * LOW HITPOINT WARNING * * *
Casting: Flame Tongue (safe; 1% risk of failure)
Confirm with . or Enter, or press ? or * to list all spells.
Aiming: Flame Tongue (safe; 1% risk of failure)
Press: ? - help, Shift-Dir - straight line, f/p - Grinder
Aim: Grinder (severely wounded)
You miscast Flame Tongue.
Nothing appears to happen.
Grinder hits you.
* * * LOW HITPOINT WARNING * * *
You writhe in agony.
You die...

#. #.# ## ##.##
.. ##...# .#
#.... 5# #... .#
.######.#####(#
.........@5...#
######.#######
#.# #.# #.#
######### #.#
#.......# #.#
#.#####.# #.# #
###.####.#######


You could see Grinder.

Vanquished Creatures
  An orc wizard (D:3)
  A worker ant (D:3)
  4 adders
  An ooze (D:3)
  5 worms
  A dart slug (D:1)
  A leopard gecko (D:3)
  8 orcs
  4 ball pythons (D:3)
  6 bats
  3 giant cockroaches
  6 hobgoblins
  3 quokkas
  2 frilled lizards (D:2)
  8 goblins
  3 kobolds
  8 rats
65 creatures vanquished.

Notes
Turn   | Place    | Note
-------+----------+-------------------------------------------
     0 | D:1      | Hebeh the Deep Elf Fire Elementalist began the quest for the Orb.
     0 | D:1      | Reached XP level 1. HP: 10/10 MP: 6/6
   361 | D:1      | Reached XP level 2. HP: 15/15 MP: 5/8
   671 | D:1      | Learned a level 2 spell: Throw Flame
   780 | D:2      | Reached XP level 3. HP: 19/19 MP: 6/10
  1164 | D:2      | Found a snail-covered altar of Cheibriados.
  1180 | D:2      | Found a shimmering altar of Xom.
  1186 | D:2      | Found a blossoming altar of Fedhas.
  1189 | D:2      | Found a stormy altar of Qazlal.
  1432 | D:2      | Learned a level 3 spell: Conjure Flame
  1643 | D:3      | Reached XP level 4. HP: 24/24 MP: 5/11
  2869 | D:3      | Reached XP level 5. HP: 22/28 MP: 0/13
  3218 | D:4      | Noticed Grinder
  3230 | D:4      | Paralysed by Grinder for 7 turns
  3239 | D:4      | Slain by Grinder

Vault maps used:
D:1:      mrwooster_arrival_arrow
D:2:      grunt_temple_overflow_cloverleaf, first_ration
D:3:      minmay_shallow_snake_nest
D:4:      grunt_gozag_statues, eat_drink_and_be_merry_uskayaw,
          chequers_temple_overflow_minitemple, uniq_duvessa, uniq_eustachio,
          uniq_grinder

Skill      XL: |  1  2  3  4  5 |
---------------+----------------+-----
Conjurations   | 2 3 4 |  4.1
Fire Magic     | 4 |  4.3
Spellcasting   | 4 |  4.5
Dodging        | |  2.4
Stealth        | |  2.4

Action                   |  1- 3 |  4- 6 || total
-------------------------+-------+-------++-------
Melee: Dagger            |       |     4 ||     4
Throw: Stone             |    55 |    46 ||   101
 Cast: Flame Tongue      |    51 |    77 ||   128
       Throw Flame       |     1 |     2 ||     3
       Conjure Flame     |     1 |     1 ||     2
  Use: Scroll            |       |     8 ||     8
  Eat: Chunk             |     2 |     5 ||     7
Armor: Robe              |     4 |     5 ||     9
Dodge: Dodged            |    15 |    10 ||    25

Table legend:
 A = Spawn XP
 B = Non-spawn XP
 C = Spawn XP percentage of total XP
 D = Spawn monster count
 E = Non-spawn monster count
 F = Spawn count percentage of total count
 G = Total turns spent on level
                    A         B        C        D         E        F      G
               +---------+---------+-------+---------+---------+-------+---------
         Total |       0 |     263 |   0.0 |       0 |      65 |   0.0 |  3239
               +---------+---------+-------+---------+---------+-------+---------
           D:1 |       0 |      23 |   0.0 |       0 |      12 |   0.0 |   675
           D:2 |       0 |      66 |   0.0 |       0 |      17 |   0.0 |   758
           D:3 |       0 |     163 |   0.0 |       0 |      32 |   0.0 |  1724
           D:4 |       0 |      11 |   0.0 |       0 |       4 |   0.0 |    82
               +---------+---------+-------+---------+---------+-------+---------
